cohdb
Replays
Latest Replays
All Replays
Popular Replays
Top Player Replays
Match Explorer
How It Works
Community
CoH3 Stats
Reddit
Sign in to upload your games and track your stats! →
Sign in with Steam
Match 39532809
Unlisted
Match 39532809
Overview
Messages
Build Orders
End
Panzergrenadier Squad
Selects Panzerjäger Kommand Battlegroup
Panzergrenadier Squad
Construct Light Support Kompanie
MG34 Team
Fire Support Elements
Flakvierling Half-track
2.5-tonne Medical Truck
Selects Mine Fields
Selects Early Warning
Pak 38 Anti-tank Gun Team
Vehicle Survival Package
Construct Mechanized Kompanie
Selects Butterfly Bomb Drop
StuG III D Assault Gun
StuG III D Assault Gun
18-tonne Recovery Half-track
2.5-tonne Medical Truck
18-tonne Recovery Half-track
Selects Tank Busters
Selects Crew Shock Tactics
Construct Panzerarmee Kommand
Emergency Repair Kits
Selects Anti-tank Overwatch
Walking Stuka Rocket Launcher
Anti-tank Overwatch
Thrusher
DerSchnetzler
_Cold_Coffe_
Orb
Rasvak
Syverus
0
0
Comments
sign in to comment!
No comments posted yet!